 Dungeon Crawl Stone Soup version 0.29.0-7-g18a832c13a (webtiles) character file.

Game seed: 1688548091050313555

9375 Pooter the Summoner (level 11, -15/83 HPs)
             Began as a Gnoll Summoner on Aug 30, 2022.
             Was a Believer of Vehumet.
             Demolished by a death yak (24 damage)
             ... on level 9 of the Dungeon.
             The game lasted 01:37:22 (12430 turns).

Pooter the Summoner (Gnoll Summoner)               Turns: 12430, Time: 01:37:23

Health: -15/83     AC:  6    Str: 10    XL:     11   Next: 45%
Magic:  12/23      EV: 15    Int: 23    God:    Vehumet [**....]
Gold:   410        SH:  0    Dex: 12    Spells: 1/26 levels left

rFire   . . .      SeeInvis .   a - +5 dire flail (vorpal)
rCold   + . .      Faith    .   (shield currently unavailable)
rNeg    . . .      Spirit   .   k - +0 robe
rPois   .          Reflect  .   n - +0 helmet
rElec   .          Harm     .   (no cloak)
rCorr   .          Rampage  .   y - +0 pair of gloves
Will    .....                   m - +0 pair of boots
Stlth   ++++......              (no amulet)
HPRegen 0.23/turn               v - +6 ring of intelligence
MPRegen 0.18/turn               I - ring of protection from cold

@: studying Unarmed Combat
A: fangs 1, strong nose, distributed training
a: Renounce Religion


You were on level 9 of the Dungeon.
You worshipped Vehumet.
Vehumet was pleased with you.
You visited 1 branch of the dungeon, and saw 9 of its levels.
You also visited: Bailey.

You collected 585 gold pieces.
You spent 175 gold pieces at shops.

Inventory:

Hand Weapons
 a - a +5 vorpal dire flail (weapon)
   (You found it on level 6 of the Dungeon)
 b - a +0 arbalest
   (You found it on level 9 of the Dungeon)
 h - a +0 dagger
   (You took it off a kobold on level 1 of the Dungeon)
 i - a +0 shortbow of flaming
   (You found it on level 5 of the Dungeon)
 l - a +1 rapier of venom
   (You found it on level 1 of the Dungeon)
 B - a +0 sling
   (You found it on level 1 of the Dungeon)
 J - a +1 morningstar
   (You found it on level 2 of the Dungeon)
 M - a +1 scimitar of flaming
   (You took it off Erica on level 9 of the Dungeon)
Missiles
 w - 2 boomerangs (quivered)
 E - 5 poisoned darts
 Q - 58 stones
Armour
 k - a +0 robe (worn)
 m - a +0 pair of boots (worn)
   (You found it on level 2 of the Dungeon)
 n - a +0 helmet (worn)
   (You found it on level 2 of the Dungeon)
 y - a +0 pair of gloves (worn)
   (You found it on level 4 of the Dungeon)
Jewellery
 v - a +6 ring of intelligence (left hand)
   (You found it on level 3 of the Dungeon)
 I - a ring of protection from cold (right hand)
   (You found it on level 4 of the Dungeon)
Wands
 f - a wand of flame (14)
   (You found it on level 8 of the Dungeon)
 u - a wand of paralysis (9)
   (You took it off an orc wizard on level 8 of the Dungeon)
 A - a wand of mindburst (3)
   (You found it on level 5 of the Dungeon)
 F - a wand of roots (4)
   (You found it on level 5 of the Dungeon)
 H - a wand of polymorph (1)
   (You found it on level 6 of the Dungeon)
Scrolls
 e - 2 scrolls of fog
 g - 4 scrolls of fear
 o - a scroll of enchant armour
 q - a scroll of noise {!r}
 t - 5 scrolls of teleportation {@r4}
 x - 2 scrolls of amnesia
 C - a scroll of summoning
 N - a scroll of immolation {!r}
Potions
 c - 2 potions of curing {@q1}
 d - 3 potions of attraction {!q}
 j - 2 potions of magic
 p - a potion of mutation {!q}
 r - 2 potions of might
 s - a potion of resistance
 z - 2 potions of heal wounds {@q2}
 D - a potion of brilliance {unknown}
 G - a potion of invisibility {unknown}
 K - a potion of degeneration {unknown}
 L - a potion of cancellation {unknown}


   Skills:
 + Level 6.5 Fighting
 + Level 6.5 Short Blades
 + Level 6.5 Long Blades
 + Level 6.5 Axes
 + Level 6.5 Maces & Flails
 + Level 6.5 Polearms
 + Level 6.5 Staves
 + Level 6.5 Ranged Weapons
 + Level 6.5 Throwing
 + Level 6.5 Armour
 + Level 8.1 Dodging
 + Level 7.8 Stealth
 + Level 6.5 Shields
 + Level 8.8 Unarmed Combat
 + Level 8.3 Spellcasting
 + Level 5.4 Conjurations
 + Level 5.4 Hexes
 + Level 9.0 Summonings
 + Level 5.4 Necromancy
 + Level 5.4 Translocations
 + Level 5.4 Transmutations
 + Level 5.4 Fire Magic
 + Level 5.4 Ice Magic
 + Level 5.4 Air Magic
 + Level 5.4 Earth Magic
 + Level 5.4 Poison Magic
 + Level 7.2 Invocations
 + Level 6.5 Evocations


You had one spell level left.
You knew the following spells:

 Your Spells              Type           Power      Damage    Failure   Level
a - Poisonous Vapours     Pois/Air       68%        N/A       1%          2
b - Call Imp              Summ           51%        N/A       1%          2
c - Foxfire               Conj/Fire      100%       2x1d9     1%          1
d - Call Canine Familiar  Summ           51%        N/A       1%          3
e - Summon Guardian Gole  Hex/Summ       43%        N/A       1%          3
f - Tukima's Dance        Hex            34%        N/A       2%          3
g - Flame Wave            Conj/Fire      34%        2d10      7%          4
q - Vampiric Draining     Necr           34%        2d8       2%          3
z - Summon Lightning Spi  Summ/Air       43%        N/A       3%          4

Your spell library contained the following spells:

 Spells                   Type           Power      Damage    Failure   Level
 Dazzling Flash           Conj/Hex       68%        N/A       2%          3
 Sandblast                Erth           68%        2d15      1%          1
 Slow                     Hex            100%       N/A       1%          1
 Summon Small Mammal      Summ           100%       N/A       1%          1
 Passwall                 Tmut/Erth      28%        N/A       1%          2
 Sublimation of Blood     Necr           34%        N/A       1%          2
 Wereblood                Tmut           34%        N/A       1%          2
 Confusing Touch          Hex            34%        N/A       2%          3
 Conjure Flame            Conj/Fire      34%        6-21      2%          3
 Inner Flame              Hex/Fire       34%        N/A       2%          3
 Stone Arrow              Conj/Erth      68%        3d11      2%          3
 Passage of Golubria      Tloc           34%        N/A       7%          4
 Yara's Violent Unravell  Hex/Tmut       17%        3d8       21%         5
 Summon Hydra             Summ           25%        N/A       80%         7


Dungeon Overview and Level Annotations

Branches:
Dungeon (9/15)             Temple (0/1) D:6          Bailey (visited)
   Lair: D:8-11         Orc: D:9-12

Altars:
Nemelex Xobeh
Vehumet

Shops:
D:3 ?

Annotations:
D:4 1 runed translucent door, Crazy Yiuf


Innate Abilities, Weirdness & Mutations

You have very sharp teeth.
Your uncanny sense of smell can sniff out nearby items.
Your experience applies equally to all skills.


Message History

The yak barely misses your wolf.
You throw a boomerang. The boomerang hits the death yak.
Your wolf closely misses the death yak.
Your wolf bites the death yak but does no damage.
Your wolf bites the death yak.
Your wolf bites the death yak.
Your wolf barely misses the death yak.
Your wolf barely misses the death yak.
The death yak gores you!!
Your wolf barely misses the death yak.
Your wolf bites the death yak but does no damage.
Aim: a death yak (moderately wounded, ally target)
You draw life force from the death yak!
You feel life coursing into your body.
Your wolf bites the death yak!
The death yak gores you!!
* * * LOW HITPOINT WARNING * * *
Aim: a death yak (heavily wounded, ally target)
You draw life force from the death yak.
You feel life coursing into your body.
Your wolf bites the death yak. x2; The death yak gores you!!
* * * LOW HITPOINT WARNING * * *
Unknown command.
Aim: a death yak (severely wounded, ally target)
You draw life force from the death yak.
You feel life coursing into your body.
Your wolf bites the death yak but does no damage.
The death yak gores your iron imp!
Your iron imp dies!
Your iron imp disappears in a puff of smoke!
The death yak gores your wolf but does no damage.
Unknown command.
Aim: a death yak (severely wounded, not watching you, ally target)
You draw life force from the death yak!
You feel life coursing into your body.
Your wolf completely misses the death yak.
Your wolf bites the death yak.
The yak gores your wolf. The death yak misses you.
You hit the death yak but do no damage. Your bite misses the death yak.
Your wolf completely misses the death yak.
Your wolf barely misses the death yak.
The yak gores your wolf!
Your wolf dies!
Your wolf's corpse disappears in a puff of smoke!
The death yak misses you.
Found a stone staircase leading down.
Things that are here:
a +0 robe; a +1 dagger of protection The death yak attacks as you move away!
The death yak gores you.
* * * LOW HITPOINT WARNING * * *
The death yak attacks as you move away! The death yak barely misses you.
The death yak attacks as you move away! The death yak gores you!!
* * * LOW HITPOINT WARNING * * *
Things that are here:
a +0 chain mail; a +0 dagger The death yak attacks as you move away!
The death yak gores you!!
You die...

##.#.##.............# #.....#
##.#).........)....####.....##
)#...................#....#..#
.[...##.....................#
...)..........[..#.........###
................###.###......#
.......#........##...........#
#.....##......#.[<.......##..#
......#.....####@##......# ###
.............#YY........##
..##........[Y....#.##..#
.##..........[.##.#######
......##.........##
.......#........##
..[...#..##.......#
........##.........
......#..##.........


You could see 2 death yaks and a yak.

Vanquished Creatures
  A death yak (D:8)
  A manticore (D:8)
  Prince Ribbit (Bailey)
  A hornet (D:9)
  3 wyverns
  4 humans (Bailey)
  2 yaks
  2 steam dragons
  An orc warrior (D:8)
  4 centaurs
  A kobold brigand (D:7)
  3 bullfrogs (Bailey)
  4 wights (D:8)
  2 killer bees
  A hound (D:3)
  2 orc priests (D:9)
  2 jellies
  2 orc wizards
  6 gnolls
  2 adders
  2 worms (D:2)
  4 orcs
  2 endoplasms
  11 goblins
  3 hobgoblins
  2 ball pythons
  2 bats
  2 frilled lizards
  8 kobolds
  2 rats (D:1)
83 creatures vanquished.

Vanquished Creatures (collateral kills)
  A vault guard (Bailey)
  Erica (D:9)
  A two-headed ogre (D:8)
  Grinder (D:6)
  2 yaks
  A human (Bailey)
  A water moccasin (D:6)
  An ice beast (D:7)
  A sky beast (D:7)
  2 ogres (D:5)
  A phantom (D:4)
  6 bullfrogs
  A kobold brigand (D:8)
  A necrophage (D:5)
  A scorpion (D:5)
  A wight (D:8)
  Dowan (D:6)
  A killer bee (D:9)
  5 hounds
  A gnoll bouda (D:9)
  2 iguanas (D:5)
  4 orc wizards
  Robin (D:3)
  13 gnolls
  6 adders
  A white imp (D:7)
  An ufetubus (D:4)
  4 worms
  8 orcs
  4 ball pythons
  4 bats
  6 endoplasms
  7 goblins
  5 hobgoblins
  3 kobolds
  5 frilled lizards
  2 rats (D:1)
107 creatures vanquished.

Vanquished Creatures (others)
  A vault guard (Bailey)
  A human (Bailey)
  Edmund (D:6)
  4 dancing weapons
  Duvessa (D:6)
  A hound (D:6)
  A gnoll (Bailey)
  74 foxfires
84 creatures vanquished.

Grand Total: 274 creatures vanquished

Notes
Turn   | Place    | Note
-------+----------+-------------------------------------------
     0 | D:1      | Pooter the Gnoll Summoner began the quest for the Orb.
     0 | D:1      | Reached XP level 1. HP: 13/13 MP: 6/6
   305 | D:1      | Upgraded the game from 0.29.0-5-ge4962eb29e to
                  | 0.29.0-7-g18a832c13a
   340 | D:1      | Reached XP level 2. HP: 19/19 MP: 4/7
   349 | D:1      | Learned a level 2 spell: Call Imp
   351 | D:1      | Learned a level 1 spell: Foxfire
   765 | D:1      | Found a faded altar of an unknown god.
  1133 | D:2      | Reached skill level 5 in Spellcasting
  1133 | D:2      | Reached XP level 3. HP: 25/25 MP: 4/9
  1196 | D:2      | Learned a level 3 spell: Call Canine Familiar
  1368 | D:2      | Reached skill level 1 in Invocations
  1403 | D:2      | You fall into a shaft and drop 1 floor!
  1469 | D:3      | Reached skill level 1 in Fighting
  1469 | D:3      | Reached skill level 1 in Short Blades
  1469 | D:3      | Reached skill level 1 in Long Blades
  1469 | D:3      | Reached skill level 1 in Axes
  1469 | D:3      | Reached skill level 1 in Maces & Flails
  1469 | D:3      | Reached skill level 1 in Polearms
  1469 | D:3      | Reached skill level 1 in Staves
  1469 | D:3      | Reached skill level 1 in Ranged Weapons
  1469 | D:3      | Reached skill level 1 in Throwing
  1469 | D:3      | Reached skill level 1 in Armour
  1469 | D:3      | Reached skill level 1 in Shields
  1469 | D:3      | Reached skill level 1 in Unarmed Combat
  1469 | D:3      | Reached skill level 1 in Evocations
  1651 | D:3      | Reached skill level 1 in Conjurations
  1651 | D:3      | Reached skill level 1 in Hexes
  1651 | D:3      | Reached skill level 1 in Necromancy
  1651 | D:3      | Reached skill level 1 in Translocations
  1651 | D:3      | Reached skill level 1 in Transmutations
  1651 | D:3      | Reached skill level 1 in Fire Magic
  1651 | D:3      | Reached skill level 1 in Ice Magic
  1651 | D:3      | Reached skill level 1 in Air Magic
  1651 | D:3      | Reached skill level 1 in Earth Magic
  1651 | D:3      | Reached skill level 1 in Poison Magic
  1651 | D:3      | Reached XP level 4. HP: 32/32 MP: 3/11
  1740 | D:3      | Found Wulassent's Magic Scroll Boutique.
  1771 | D:3      | Bought a scroll of identify for 20 gold pieces
  1771 | D:3      | Bought a scroll of noise for 10 gold pieces
  1771 | D:3      | Bought a scroll of teleportation for 30 gold pieces
  2250 | D:3      | Learned a level 3 spell: Summon Guardian Golem
  2463 | D:3      | Bought a scroll of enchant weapon for 75 gold pieces
  2667 | D:2      | Reached XP level 5. HP: 37/37 MP: 8/12
  3420 | D:3      | Learned a level 4 spell: Summon Lightning Spire
  3497 | D:3      | Noticed Robin
  3506 | D:3      | Killed Robin
  4206 | D:4      | Found a runed translucent door.
  4207 | D:4      | Noticed Crazy Yiuf
  4390 | D:3      | Bought a scroll of fear for 40 gold pieces
  4798 | D:4      | Reached XP level 6. HP: 44/44 MP: 10/14
  4799 | D:4      | Reached skill level 5 in Dodging
  4912 | D:4      | Found a radiant altar of Vehumet.
  4913 | D:4      | Found a sparkling altar of Nemelex Xobeh.
  4932 | D:4      | Became a worshipper of Vehumet
  5228 | D:5      | Entered Level 5 of the Dungeon
  5447 | D:5      | Reached XP level 7. HP: 51/51 MP: 15/15
  5617 | D:5      | Reached skill level 5 in Stealth
  6194 | D:6      | Reached XP level 8. HP: 57/58 MP: 16/16
  6203 | D:6      | Learned a level 3 spell: Vampiric Draining
  6207 | D:6      | Noticed Edmund
  6214 | D:6      | Noticed Duvessa
  6214 | D:6      | Noticed Dowan
  6228 | D:6      | Killed Edmund
  6228 | D:6      | Killed Duvessa
  6228 | D:6      | Reached * piety under Vehumet
  6228 | D:6      | Offered knowledge of Freeze by Vehumet.
  6247 | D:6      | Killed Dowan
  6562 | D:6      | Noticed Grinder
  6573 | D:6      | Killed Grinder
  6625 | D:6      | Found a staircase to the Ecumenical Temple.
  6669 | D:6      | Reached XP level 9. HP: 61/65 MP: 18/18
  7002 | D:7      | Found a flagged portal.
  7014 | D:7      | Learned a level 3 spell: Tukima's Dance
  7016 | Bailey   | Entered a bailey
  7042 | Bailey   | Reached skill level 5 in Unarmed Combat
  7042 | Bailey   | Reached skill level 8 in Summonings
  7231 | Bailey   | Reached skill level 5 in Invocations
  7590 | Bailey   | Noticed a vault guard
  7610 | Bailey   | Killed a vault guard
  7611 | Bailey   | Reached skill level 5 in Fighting
  7611 | Bailey   | Reached skill level 5 in Short Blades
  7611 | Bailey   | Reached skill level 5 in Long Blades
  7611 | Bailey   | Reached skill level 5 in Axes
  7611 | Bailey   | Reached skill level 5 in Maces & Flails
  7611 | Bailey   | Reached skill level 5 in Polearms
  7611 | Bailey   | Reached skill level 5 in Staves
  7611 | Bailey   | Reached skill level 5 in Ranged Weapons
  7611 | Bailey   | Reached skill level 5 in Throwing
  7611 | Bailey   | Reached skill level 5 in Armour
  7611 | Bailey   | Reached skill level 5 in Shields
  7611 | Bailey   | Reached skill level 5 in Evocations
  7611 | Bailey   | Reached XP level 10. HP: 74/74 MP: 12/20
  7614 | Bailey   | Noticed Prince Ribbit
  7683 | Bailey   | Killed Prince Ribbit
  7758 | Bailey   | Noticed a vault guard
  7773 | Bailey   | Killed a vault guard
  8309 | D:7      | HP: 3/74 [steam dragon/ball of steam (18)]
  8637 | D:7      | Learned a level 4 spell: Flame Wave
  9757 | D:8      | Reached ** piety under Vehumet
  9757 | D:8      | Offered knowledge of Poisonous Vapours by Vehumet.
  9945 | D:8      | Noticed a manticore
  9976 | D:8      | Killed a manticore
 10277 | D:8      | Noticed a two-headed ogre
 10294 | D:8      | Killed a two-headed ogre
 10295 | D:8      | Reached skill level 5 in Conjurations
 10295 | D:8      | Reached skill level 5 in Hexes
 10295 | D:8      | Reached skill level 5 in Necromancy
 10295 | D:8      | Reached skill level 5 in Translocations
 10295 | D:8      | Reached skill level 5 in Transmutations
 10295 | D:8      | Reached skill level 5 in Fire Magic
 10295 | D:8      | Reached skill level 5 in Ice Magic
 10295 | D:8      | Reached skill level 5 in Air Magic
 10295 | D:8      | Reached skill level 5 in Earth Magic
 10295 | D:8      | Reached skill level 5 in Poison Magic
 10295 | D:8      | Reached XP level 11. HP: 81/81 MP: 9/22
 10370 | D:8      | Learned a level 2 spell: Poisonous Vapours
 11095 | D:9      | Noticed a death yak
 11097 | D:9      | Noticed a death yak
 11927 | D:9      | Noticed a death yak
 11939 | D:8      | Killed a death yak
 11940 | D:8      | Reached skill level 9 in Summonings
 12195 | D:8      | Offered knowledge of Dazzling Flash by Vehumet.
 12307 | D:9      | Noticed Erica
 12321 | D:9      | Killed Erica
 12430 | D:9      | Demolished by a death yak

Illustrated notes

Levels and vault maps discovered:
D:1:      lemuel_arrival_room, layout_basic,
          hellmonk_ecumenical_altar_pennies_from_heaven, minmay_split_cup_large
D:2:      layout_basic, minmay_misc_feat_x, chequers_serial_rivers_micro_a,
          st_stairs_10
D:3:      layout_loops_corners, serial_shops, nicolae_shop_hallway_stairs,
          uniq_robin
D:4:      layout_basic, jmf_multi_god_temple, serial_corexii_hall,
          chequers_hall_statues_wall_a, corexii_hall_statues_x,
          uniq_crazy_yiuf_cottage
D:5:      layout_basic
D:6:      layout_cave_pools, temple_statues, uniq_edmund, uniq_duvessa,
          uniq_grinder
D:7:      layout_cave_pods, enter_bailey_3
D:8:      layout_rooms, serial_rivers, chequers_serial_rivers_room_a,
          chequers_serial_rivers_large_a, chequers_serial_rivers_room_b,
          chequers_serial_rivers_large_b, chequers_serial_rivers_micro_a,
          chequers_serial_rivers_micro_d
D:9:      layout_cave_pools, dpeg_lair_monsters, erik_orc_1,
          kennysheep_generic_room_12, uniq_erica, uniq_prince_ribbit1,
          uniq_maurice

Skill      XL: |  1  2  3  4  5  6  7  8  9 10 11 |
---------------+----------------------------------+-----
Spellcasting   | 5 6 7 8 |  8.3
Invocations    | 1 2 3 4 5 6 7 |  7.2
Fighting       | 1 2 3 5 6 |  6.5
Short Blades   | 1 2 3 5 6 |  6.5
Long Blades    | 1 2 3 5 6 |  6.5
Axes           | 1 2 3 5 6 |  6.5
Maces & Flails | 1 2 3 5 6 |  6.5
Polearms       | 1 2 3 5 6 |  6.5
Staves         | 1 2 3 5 6 |  6.5
Ranged Weapons | 1 2 3 5 6 |  6.5
Throwing       | 1 2 3 5 6 |  6.5
Armour         | 1 2 3 5 6 |  6.5
Shields        | 1 2 3 5 6 |  6.5
Unarmed Combat | 1 2 3 4 6 8 |  8.8
Evocations     | 1 2 3 5 6 |  6.5
Conjurations   | 1 2 3 4 5 |  5.4
Hexes          | 1 2 3 4 5 |  5.4
Necromancy     | 1 2 3 4 5 |  5.4
Translocations | 1 2 3 4 5 |  5.4
Transmutations | 1 2 3 4 5 |  5.4
Fire Magic     | 1 2 3 4 5 |  5.4
Ice Magic      | 1 2 3 4 5 |  5.4
Air Magic      | 1 2 3 4 5 |  5.4
Earth Magic    | 1 2 3 4 5 |  5.4
Poison Magic   | 1 2 3 4 5 |  5.4
Dodging        | 5 6 7 8 |  8.1
Stealth        | 5 6 7 |  7.8
Summonings     | 8 9 |  9.0

Action                   |  1- 3 |  4- 6 |  7- 9 | 10-12 || total
-------------------------+-------+-------+-------+-------++-------
Melee: Unarmed           |     1 |       |       |       ||     1
       Rapier            |     5 |    10 |       |       ||    15
       Bite              |       |     3 |     4 |    13 ||    20
       Morningstar       |       |    19 |    18 |       ||    37
       Dire flail        |       |       |    24 |    82 ||   106
 Fire: Sling             |     7 |    23 |       |       ||    30
       Shortbow          |       |       |    16 |    30 ||    46
       Arbalest          |       |       |       |     4 ||     4
Throw: Boomerang         |       |     2 |     7 |     9 ||    18
 Cast: Summon Small Mamm |    14 |       |       |       ||    14
       Foxfire           |    20 |    14 |     5 |     3 ||    42
       Call Imp          |     3 |       |     2 |     5 ||    10
       Call Canine Famil |     4 |    14 |    24 |    22 ||    64
       Summon Lightning  |       |     1 |     3 |    10 ||    14
       Summon Guardian G |       |     1 |     3 |     3 ||     7
       Tukima's Dance    |       |       |     1 |    12 ||    13
       Flame Wave        |       |       |       |     5 ||     5
       Vampiric Draining |       |       |       |     5 ||     5
Evoke: Wand              |       |       |     5 |    16 ||    21
  Use: Scroll            |       |     4 |     4 |     8 ||    16
       Potion            |       |     2 |     1 |     1 ||     4
 Stab: Distracted        |       |       |       |     2 ||     2
       Paralysed         |       |       |       |     4 ||     4
Armor: Robe              |     5 |     8 |    13 |    23 ||    49
Dodge: Dodged            |    32 |    36 |    27 |   113 ||   208
